 Seeded DCSS version 0.29-a0-397-g846e4a0bbc (webtiles) character file.

Game seed: 3853640191977401903 (custom seed)

9 oldmanjim the Vexing (level 2, 0/23 HPs)
             Began as a Gnoll Arcane Marksman on May 11, 2022.
             Slain by a quokka (3 damage)
             ... on level 1 of the Dungeon.
             The game lasted 00:02:45 (249 turns).

oldmanjim the Vexing (Gnoll Arcane Marksman)         Turns: 249, Time: 00:02:46

Health: 0/23       AC:  2    Str:  9    XL:     2   Next: 12%
Magic:  4/5        EV: 13    Int: 12    God:
Gold:   11         SH:  0    Dex: 12    Spells: 5/6 levels left

rFire   . . .      SeeInvis .   a - +0 hand crossbow
rCold   . . .      Faith    .   (no shield)
rNeg    . . .      Spirit   .   b - +0 robe
rPois   .          Reflect  .   (no helmet)
rElec   .          Harm     .   (no cloak)
rCorr   .          Rampage  .   (no gloves)
Will    .....                   (no boots)
Stlth   +.........              (no amulet)
HPRegen 0.07/turn               (no ring)
MPRegen 0.09/turn               (no ring)

@: no status effects
A: fangs 1, strong nose, distributed training
a: no special abilities


You were on level 1 of the Dungeon.
You visited 1 branch of the dungeon, and saw 2 of its levels.

You collected 11 gold pieces.

Inventory:

Hand Weapons
 a - a +0 hand crossbow (weapon)
Missiles
 g - 23 stones
Armour
 b - a +0 robe (worn)
Scrolls
 c - a scroll of vulnerability
 e - a scroll of immolation {unknown}
 f - a scroll of identify {unknown}
Potions
 d - a potion of curing {unknown}


   Skills:
 + Level 2.4 Fighting
 + Level 0.3 Short Blades
 + Level 0.3 Long Blades
 + Level 0.3 Axes
 + Level 0.3 Maces & Flails
 + Level 0.3 Polearms
 + Level 0.3 Staves
 + Level 0.3 Slings
 + Level 0.3 Bows
 + Level 4.4 Crossbows
 + Level 0.3 Throwing
 + Level 0.3 Armour
 + Level 4.4 Dodging
 + Level 0.3 Stealth
 + Level 0.3 Shields
 + Level 0.3 Unarmed Combat
 + Level 2.7 Spellcasting
 + Level 0.2 Conjurations
 + Level 5.3 Hexes
 + Level 0.2 Summonings
 + Level 0.2 Necromancy
 + Level 0.2 Translocations
 + Level 0.2 Transmutations
 + Level 0.2 Fire Magic
 + Level 0.2 Ice Magic
 + Level 0.2 Air Magic
 + Level 0.2 Earth Magic
 + Level 0.2 Poison Magic
 + Level 0.4 Invocations
 + Level 0.3 Evocations


You had 5 spell levels left.
You knew the following spells:

 Your Spells              Type           Power      Damage    Failure   Level
a - Slow                  Hex            56%        N/A       2%          1

Your spell library contained the following spells:

 Spells                   Type           Power      Damage    Failure   Level
 Inner Flame              Hex/Fire       8%         N/A       24%         3
 Portal Projectile        Hex/Tloc       16%        N/A       24%         3
 Cause Fear               Hex            7%         N/A       28%         4


Dungeon Overview and Level Annotations

Branches:
Dungeon (2/15)

Altars:

Annotations:
D:2 Sigmund


Innate Abilities, Weirdness & Mutations

You have very sharp teeth.
Your uncanny sense of smell can sniff out nearby items.
Your experience applies equally to all skills.


Message History

The quokka attacks as you move away!
The quokka bites you but does no damage.
A quokka comes into view.
The quokka moves out of view.
Casting: Slow (safe; 2% risk of failure)
Confirm with . or Enter, or press ? or * to list all spells.
Aiming: Slow (safe; 2% risk of failure)
Press: ? - help, Shift-Dir - straight line, f - quokka
Aim: a quokka (chance to affect: 71%)
The quokka seems to slow down.
The quokka bites you but does no damage.
An adder comes into view.
The quokka twitches its whiskers.
A quokka comes into view.
Found an escape hatch in the ceiling.
The adder bites you.
The adder barely misses you. x2 2 rats come into view.
Found a stone staircase leading down.
The quokka closely misses you. The quokka attacks as you move away!
The quokka misses you.
The quokka bites you but does no damage.
The adder misses you. The quokka attacks as you move away!
The quokka closely misses you.
There is an escape hatch in the ceiling here.
The adder barely misses you. The quokka bites you.
The quokka barely misses you. The adder bites you.
* * * LOW HITPOINT WARNING * * *
A mysterious force pulls you upwards. The hatch slams shut behind you.
Reactivating autopickup.
Casting: Slow (safe; 2% risk of failure)
Confirm with . or Enter, or press ? or * to list all spells.
Aiming: Slow (safe; 2% risk of failure)
Press: ? - help, Shift-Dir - straight line, f - adder
Aim: an adder (chance to affect: 62%)
The adder resists with significant effort.
The quokka bites you.
* * * LOW HITPOINT WARNING * * *
The quokka closely misses you. The adder closely misses you.
The quokka bites you.
You die...

≈≈ ≈≈≈ ≈≈≈P≈ ≈♣≈P ≈
♣ ≈≈≈ ≈♣♣ #.#.≈ ♣≈P
###.... #.# .. ∆
......S## #.# ..
#....@####.# .#
###.#rr....#####.#
.. #####.>..##.. #.
##.#..#.# #
#.##.#.# # ∆
#......###.## ####
######.......
#<.#####.###.......
∆
##...##...#........


You could see an adder and 2 quokkas.

Vanquished Creatures
  A worm (D:2)
  An endoplasm (D:2)
  A ball python (D:2)
  A bat (D:2)
  A frilled lizard (D:1)
  A goblin (D:2)
  A kobold (D:1)
  A rat (D:2)
8 creatures vanquished.

Vanquished Creatures (others)
  A goblin (D:2)
  35 plants (D:2)
36 creatures vanquished.

Grand Total: 44 creatures vanquished

Notes
Turn   | Place    | Note
-------+----------+-------------------------------------------
     0 | D:1      | oldmanjim the Gnoll Arcane Marksman began the quest for the
                  | Orb.
     0 | D:1      | Reached XP level 1. HP: 17/17 MP: 4/4
    75 | D:2      | Reached XP level 2. HP: 23/23 MP: 3/5
   177 | D:2      | Noticed Sigmund
   249 | D:1      | Slain by a quokka

Illustrated notes

Levels and vault maps discovered:
D:1:      minmay_arrival_jagged, layout_rooms, serial_bayou,
          serial_bayou_pond_b, serial_bayou_pond_c, serial_bayou_lake_a,
          serial_bayou_ford_a, ebering_ecumenical_altar_box,
          minmay_close_crescents
D:2:      wad_woods_tower, layout_basic, uniq_sigmund

Action                   || total
-------------------------++-------
 Fire: Hand crossbow     ||    37
 Cast: Slow              ||     8
Armor: Robe              ||     3
Dodge: Dodged            ||    18

Table legend: (Time is in decaauts)
 A = Elapsed time spent in this place.
 B = Non-inter-level travel time spent in this place.
 C = Inter-level travel time spent in this place.
 D = Time resting spent in this place.
 E = Time spent auto-exploring this place.
 F = Levels seen in this place.
 G = Mean time per level.
                   A        B        C        D        E       F      G
               +--------+--------+--------+--------+--------+-----+--------+
         Total |    259 |    259 |      0 |      9 |     41 |   2 |  129.5 |
       Dungeon |    259 |    259 |      0 |      9 |     41 |   2 |  129.5 |
               +--------+--------+--------+--------+--------+-----+--------+

Top non-repeatable levels by time:
     D:2: 232 daAuts
     D:1: 27 daAuts
